Reno Silver Aces vs Rhode Island Whales
Created - Tuesday, November 25, 2025 at 08:06
Goals
|
| Reno Silver Aces |
0 |
2 |
4 |
0 |
6 |
| Rhode Island Whales |
2 |
1 |
3 |
1 |
7 |
|
Shots
|
| Reno Silver Aces |
12 |
10 |
15 |
3 |
40 |
| Rhode Island Whales |
6 |
13 |
16 |
3 |
38 |
|
1st period
1. Rhode Island Whales , Ryder Rolston 1 (Samuel Honzek 1, Oskar Olausson 1) at 7:19
2. Rhode Island Whales , Alex Newhook 1 (Frank Nazar 1) at 15:39
Penalties :
No Penalty
2nd period
3. Reno Silver Aces , Anthony Duclair 1 (Curtis Lazar 1, Charles-Alexis Legault 1) at 8:02
4. Rhode Island Whales , Cam Lund 1 (Lukas Reichel 1) at 9:24
5. Reno Silver Aces , Curtis Lazar 1 (Matt Savoie 1) at 11:09 (PP)
Penalties :
Pavel Mintyukov (RIW) for Cross-checking (Minor) at 2:32, Artyom Levshunov (RIW) for Delaying the game (Minor) at 11:08
3rd period
6. Rhode Island Whales , Isak Rosen 1 (Lukas Reichel 2, Artyom Levshunov 1) at 9:45 (PP)
7. Reno Silver Aces , Curtis Lazar 2 (Matt Savoie 2) at 12:21 (PP)
8. Rhode Island Whales , Cam Lund 2 (Owen Pickering 1) at 13:16 (PP)
9. Rhode Island Whales , Alex Newhook 2 (Artyom Levshunov 2, Pavel Mintyukov 1) at 14:39
10. Reno Silver Aces , Tanner Laczynski 1 (Kieffer Bellows 1, Patrick Brown 1) at 16:54
11. Reno Silver Aces , Kieffer Bellows 1 (Cole Koepke 1, Owen Beck 1) at 18:21
12. Reno Silver Aces , Anthony Duclair 2 (Vincent Hinostroza 1, Brendan Smith 1) at 19:11 (PP)
Penalties :
Tanner Laczynski (RSA) for Hooking (Minor) at 2:07, Anthony Duclair (RSA) for Tripping (Minor) at 9:28, Samuel Honzek (RIW) for Holding (Minor) at 11:38, Brendan Smith (RSA) for Hooking (Minor) at 12:56, Frank Nazar (RIW) for High sticking (Minor) at 13:31, Brendan Smith (RSA) for Holding (Minor) at 14:23, Isak Rosen (RIW) for Tripping (Minor) at 18:24
Overtime #1
13. Rhode Island Whales , Frank Nazar 1 (Jiri Kulich 1, Alex Newhook 1) at 3:23 (PP)
Penalties :
Curtis Lazar (RSA) for Interference (Minor) at 2:31
Goalie Stats
Philipp Grubauer (RSA), 31 saves from 38 shots - (0.816), OTL, 0-0-1, 62:49 minutes
Cameron Whitehead (RIW), 34 saves from 40 shots - (0.850), W, 1-0-0, 63:23 minutes
Players Stats for Reno Silver Aces
Player Name G A P +/- PIM S H SB GA TA FO MP PP MP PK MP
------------------------------------------------------------------------------------
0 0 0 0 0 0 0 0 0 0 0/0 0:00 0:00 0:00
Anthony Duclair 2 0 2 -1 2 5 0 3 1 0 7/16 19:32 1:37 2:16
Brendan Smith 0 1 1 0 4 3 2 0 0 3 0/0 26:27 1:59 2:00
Charles-Alexis Legault 0 1 1 1 0 0 0 1 0 0 0/0 7:34 0:21 0:00
Cole Koepke 0 1 1 0 0 4 1 0 0 0 1/5 25:45 1:37 2:16
Curtis Lazar 2 1 3 -2 2 8 3 0 1 0 0/0 18:06 2:45 0:00
Dylan Duke 0 0 0 0 0 0 0 0 0 0 2/2 3:13 0:00 0:00
Frederic Brunet 0 0 0 -2 0 0 1 0 0 0 0/0 14:13 0:00 0:07
Jordan Oesterle 0 0 0 -1 0 1 1 1 0 2 0/0 21:58 2:21 2:21
Kieffer Bellows 1 1 2 2 0 8 3 0 1 1 0/0 20:58 0:00 0:00
Marc-Edouard Vlasic 0 0 0 1 0 0 1 5 0 2 0/0 20:59 1:47 1:58
Matt Nieto 0 0 0 -2 0 2 0 1 0 1 0/0 18:06 2:45 0:00
Matt Savoie 0 2 2 -2 0 2 1 0 0 0 14/23 21:02 2:45 2:03
Nicolas Deslauriers 0 0 0 -2 0 1 0 0 1 1 0/0 15:19 0:28 0:14
Owen Beck 0 1 1 1 0 1 0 0 0 0 7/16 8:29 0:00 0:00
Patrick Brown 0 1 1 1 0 0 1 0 0 0 1/1 14:41 0:00 0:00
Samuel Bolduc 0 0 0 1 0 0 3 3 1 0 0/0 21:03 1:47 1:58
Tanner Laczynski 1 0 1 1 2 4 3 0 2 0 6/11 14:32 0:00 0:00
Vincent Hinostroza 0 1 1 0 0 1 0 0 0 0 1/7 19:27 1:37 2:03
Players Stats for Rhode Island Whales
Player Name G A P +/- PIM S H SB GA TA FO MP PP MP PK MP
------------------------------------------------------------------------------------
0 0 0 0 0 0 0 0 0 0 0/0 0:00 0:00 0:00
Alex Newhook 2 1 3 2 0 7 4 1 3 0 0/0 19:34 2:00 1:51
Artyom Levshunov 0 2 2 0 2 2 2 3 0 0 0/0 27:47 2:29 1:54
Cam Lund 2 0 2 1 0 2 1 0 0 0 8/22 17:08 1:22 0:00
Cross Hanas 0 0 0 0 0 0 0 0 0 0 0/2 1:36 0:12 0:00
Eduard Sale 0 0 0 -1 0 1 3 0 0 0 0/0 8:04 0:00 0:00
Emil Andrae 0 0 0 2 0 1 2 1 0 1 0/0 21:54 1:50 2:27
Frank Nazar 1 1 2 0 2 7 1 0 2 1 23/37 26:37 2:45 1:17
Isak Rosen 1 0 1 1 2 2 0 0 2 0 1/1 20:08 2:03 1:48
Jiri Kulich 0 1 1 1 0 4 2 0 1 0 6/11 21:18 2:45 2:15
Kevin Korchinski 0 0 0 -1 0 0 0 0 1 1 0/0 13:34 0:00 0:00
Lukas Reichel 0 2 2 1 0 2 0 1 0 1 0/0 17:00 1:22 0:00
Luke Tuch 0 0 0 1 0 0 1 0 0 0 1/1 3:33 0:19 0:09
Oskar Olausson 0 1 1 -1 0 1 1 0 1 0 0/0 15:29 0:09 1:24
Owen Pickering 0 1 1 2 0 3 1 1 0 1 0/0 21:48 1:50 2:45
Pavel Mintyukov 0 1 1 0 2 1 0 2 0 0 0/0 26:44 2:29 0:56
Ryan O'Rourke 0 0 0 -1 0 0 2 1 0 1 0/0 14:38 0:00 0:42
Ryder Rolston 1 0 1 -2 0 5 0 0 0 1 3/7 20:36 0:00 0:00
Samuel Honzek 0 1 1 -1 2 0 0 1 0 0 0/0 13:41 0:00 0:00
3 Stars
1 - Alex Newhook (RIW)
2 - Cam Lund (RIW)
3 - Kieffer Bellows (RSA)
Power Play
Reno Silver Aces - 3 on 5 Attempt(s) - 60.00%
Rhode Island Whales - 3 on 5 Attempt(s) - 60.00%
Penalty Kill
Reno Silver Aces - 2 on 5 Attempt(s) - 40.00%
- Score 0 goal in Penalty Kill
Rhode Island Whales - 2 on 5 Attempt(s) - 40.00%
- Score 0 goal in Penalty Kill
Team Stat
Reno Silver Aces - Hits : 20 - Faceoff Wins : 39 - Blocked Shots : 14 - Penalty Minutes : 10
Rhode Island Whales - Hits : 20 - Faceoff Wins : 42 - Blocked Shots : 11 - Penalty Minutes : 10
Official
Referees : Chris Lee and Kevin Pollock
Linesman : Ben O'Quinn and Andrew Smith
Game Notes
No Game Note
Reno Silver Aces
5 vs 5 Forward
Center Left Wing Right Wing Time % Phy DF OF
1 Anthony Duclair Cole Koepke Vincent Hinostroza 30 1 2 2
2 Matt Savoie Matt Nieto Curtis Lazar 30 1 2 2
3 Tanner Laczynski Patrick Brown Kieffer Bellows 25 1 2 2
4 Owen Beck Kieffer Bellows Cole Koepke 15 1 2 2
5 vs 5 Defense
Defense Defense Time % Phy DF OF
1 Brendan Smith Jordan Oesterle 30 1 2 2
2 Samuel Bolduc Marc-Edouard Vlasic 30 1 2 2
3 Nicolas Deslauriers Frederic Brunet 25 1 2 2
4 Charles-Alexis Legault Brendan Smith 15 1 2 2
PowerPlay Forward
Center Left Wing Right Wing Time % Phy DF OF
1 Anthony Duclair Cole Koepke Vincent Hinostroza 50 1 2 2
2 Matt Savoie Matt Nieto Curtis Lazar 50 1 2 2
PowerPlay Defense
Defense Defense Time % Phy DF OF
1 Brendan Smith Jordan Oesterle 50 1 2 2
2 Samuel Bolduc Marc-Edouard Vlasic 50 1 2 2
Penalty Kill 4 Players Forward
Center Wing Time % Phy DF OF
1 Cole Koepke Anthony Duclair 50 1 2 2
2 Vincent Hinostroza Matt Savoie 50 1 2 2
Penalty Kill 4 Players Defense
Defense Defense Time % Phy DF OF
1 Brendan Smith Jordan Oesterle 50 1 2 2
2 Samuel Bolduc Marc-Edouard Vlasic 50 1 2 2
Penalty Kill - 3 Players Forward
Forward Time % Phy DF OF
1 Cole Koepke 50 1 2 2
2 Anthony Duclair 50 1 2 2
Penalty Kill - 3 Players Defense
Defense Defense Time % Phy DF OF
1 Brendan Smith Jordan Oesterle 50 1 2 2
2 Samuel Bolduc Marc-Edouard Vlasic 50 1 2 2
4 vs 4 Forward
Center Wing Time % Phy DF OF
1 Cole Koepke Anthony Duclair 50 1 2 2
2 Vincent Hinostroza Matt Savoie 50 1 2 2
4 vs 4 Defense
Defense Defense Time % Phy DF OF
1 Brendan Smith Jordan Oesterle 50 1 2 2
2 Samuel Bolduc Marc-Edouard Vlasic 50 1 2 2
Last Minutes Offensive
Center Left Wing Right Wing Defense Defense
Anthony Duclair Cole Koepke Vincent Hinostroza Brendan Smith Jordan Oesterle
Last Minutes Defensive
Center Left Wing Right Wing Defense Defense
Anthony Duclair Cole Koepke Vincent Hinostroza Brendan Smith Jordan Oesterle
Goaltenders
Starting : Philipp Grubauer
Backup : Jiri Patera
Extra Forwards
Normal : Dylan Duke, Tanner Laczynski, Patrick Brown - PP : Dylan Duke, Tanner Laczynski - PK : Patrick Brown
Extra Defensemen
Normal : Nicolas Deslauriers, Frederic Brunet, Charles-Alexis Legault - PP : Nicolas Deslauriers - PK : Frederic Brunet, Charles-Alexis Legault
Penalty Shots
Cole Koepke, Anthony Duclair, Vincent Hinostroza, Matt Savoie, Matt Nieto
Scratches
William Dufour (Healthy), Jacob Melanson (Healthy), Jagger Firkus (Healthy), Christian Kyrou (Healthy), Justin Gill (Healthy)
Michael Buchinger (Healthy), Casey Fitzgerald (Healthy), Dustin Tokarski (Healthy)
Rhode Island Whales
5 vs 5 Forward
Center Left Wing Right Wing Time % Phy DF OF
1 Frank Nazar Alex Newhook Jiri Kulich 30 0 2 3
2 Cam Lund Lukas Reichel Isak Rosen 30 0 2 3
3 Ryder Rolston Samuel Honzek Oskar Olausson 25 0 2 3
4 Frank Nazar Eduard Sale Ryder Rolston 15 0 2 3
5 vs 5 Defense
Defense Defense Time % Phy DF OF
1 Pavel Mintyukov Artyom Levshunov 30 0 3 2
2 Owen Pickering Emil Andrae 30 0 3 2
3 Kevin Korchinski Ryan O'Rourke 25 0 3 2
4 Pavel Mintyukov Artyom Levshunov 15 0 3 2
PowerPlay Forward
Center Left Wing Right Wing Time % Phy DF OF
1 Frank Nazar Alex Newhook Jiri Kulich 50 0 1 4
2 Cam Lund Lukas Reichel Isak Rosen 50 1 0 4
PowerPlay Defense
Defense Defense Time % Phy DF OF
1 Pavel Mintyukov Artyom Levshunov 50 0 2 3
2 Owen Pickering Emil Andrae 50 0 2 3
Penalty Kill 4 Players Forward
Center Wing Time % Phy DF OF
1 Frank Nazar Alex Newhook 50 1 4 0
2 Jiri Kulich Isak Rosen 50 1 4 0
Penalty Kill 4 Players Defense
Defense Defense Time % Phy DF OF
1 Pavel Mintyukov Artyom Levshunov 50 1 4 0
2 Owen Pickering Emil Andrae 50 1 4 0
Penalty Kill - 3 Players Forward
Forward Time % Phy DF OF
1 Frank Nazar 50 1 4 0
2 Alex Newhook 50 1 4 0
Penalty Kill - 3 Players Defense
Defense Defense Time % Phy DF OF
1 Pavel Mintyukov Artyom Levshunov 50 1 4 0
2 Owen Pickering Emil Andrae 50 1 4 0
4 vs 4 Forward
Center Wing Time % Phy DF OF
1 Frank Nazar Alex Newhook 50 0 2 3
2 Jiri Kulich Isak Rosen 50 0 2 3
4 vs 4 Defense
Defense Defense Time % Phy DF OF
1 Pavel Mintyukov Artyom Levshunov 50 0 2 3
2 Owen Pickering Emil Andrae 50 0 2 3
Last Minutes Offensive
Center Left Wing Right Wing Defense Defense
Frank Nazar Alex Newhook Jiri Kulich Pavel Mintyukov Artyom Levshunov
Last Minutes Defensive
Center Left Wing Right Wing Defense Defense
Frank Nazar Alex Newhook Jiri Kulich Pavel Mintyukov Artyom Levshunov
Goaltenders
Starting : Cameron Whitehead
Backup : Pavel Cajan
Extra Forwards
Normal : Luke Tuch, Cross Hanas, Oskar Olausson - PP : Luke Tuch, Cross Hanas - PK : Oskar Olausson
Extra Defensemen
Normal : Kevin Korchinski, Artyom Levshunov, Owen Pickering - PP : Kevin Korchinski - PK : Ryan O'Rourke, Owen Pickering
Penalty Shots
Frank Nazar, Alex Newhook, Jiri Kulich, Isak Rosen, Lukas Reichel
Scratches
Calle Odelius (Healthy), Mitchell Weeks (Healthy)
% Time on Ice - Reno Silver Aces
Lines # - Real PCT - Wanted PCT - Time Play
Normal Forward
1 - 29% - 30% - 15:24
2 - 29% - 30% - 15:46
3 - 27% - 25% - 14:29
4 - 15% - 15% - 7:56
Normal Defense
1 - 30% - 30% - 16:14
2 - 32% - 30% - 16:57
3 - 25% - 25% - 13:28
4 - 13% - 15% - 6:56
PP Forward
1 - 37% - 50% - 1:37
2 - 63% - 50% - 2:45
PP Defense
1 - 54% - 50% - 2:21
2 - 46% - 50% - 2:01
PK Forward
1 - 53% - 50% - 2:16
2 - 47% - 50% - 2:03
PK Defense
1 - 54% - 50% - 2:21
2 - 46% - 50% - 1:58
PK3 Forward
1 - 0% - 50%
2 - 0% - 50%
PK3 Defense
1 - 0% - 50%
2 - 0% - 50%
44 Forward
1 - 24% - 50% - 0:16
2 - 76% - 50% - 0:51
44 Defense
1 - 76% - 50% - 0:51
2 - 24% - 50% - 0:16
Last Minute Offensive - 0:00
Last Minute Defensive - 0:00
Total
Forward - 63:23
Defense - 63:23
|
% Time on Ice - Rhode Island Whales
Lines # - Real PCT - Wanted PCT - Time Play
Normal Forward
1 - 29% - 30% - 15:44
2 - 30% - 30% - 16:07
3 - 26% - 25% - 13:46
4 - 15% - 15% - 7:58
Normal Defense
1 - 30% - 30% - 16:14
2 - 31% - 30% - 16:52
3 - 25% - 25% - 13:34
4 - 13% - 15% - 6:55
PP Forward
1 - 46% - 50% - 2:00
2 - 54% - 50% - 2:19
PP Defense
1 - 58% - 50% - 2:29
2 - 42% - 50% - 1:50
PK Forward
1 - 46% - 50% - 2:01
2 - 54% - 50% - 2:21
PK Defense
1 - 44% - 50% - 1:55
2 - 56% - 50% - 2:27
PK3 Forward
1 - 0% - 50%
2 - 0% - 50%
PK3 Defense
1 - 0% - 50%
2 - 0% - 50%
44 Forward
1 - 24% - 50% - 0:16
2 - 76% - 50% - 0:51
44 Defense
1 - 24% - 50% - 0:16
2 - 76% - 50% - 0:51
Last Minute Offensive - 0:00
Last Minute Defensive - 0:00
Total
Forward - 63:23
Defense - 63:23
|
Play-by-Play
1st period
0:01 of 1st period - Jiri Kulich wins face-off versus Cole Koepke in neutral zone.
0:38 of 1st period - Snap shot by Curtis Lazar.
0:38 of 1st period - Stopped by Cameron Whitehead with a rebound.
1:00 of 1st period - Slapshot by Ryder Rolston.
1:00 of 1st period - Stopped by Philipp Grubauer with a rebound.
1:49 of 1st period - Off-side.
1:50 of 1st period - Tanner Laczynski wins face-off versus Ryder Rolston in neutral zone.
2:01 of 1st period - Snap shot by Ryder Rolston.
2:01 of 1st period - Stopped by Philipp Grubauer without a rebound.
2:02 of 1st period - Frank Nazar wins face-off versus Matt Savoie in Reno Silver Aces zone.
2:15 of 1st period - Snap shot by Alex Newhook.
2:15 of 1st period - Shot Misses the Net.
2:17 of 1st period - Slapshot by Frank Nazar.
2:17 of 1st period - Shot Misses the Net.
2:46 of 1st period - Vincent Hinostroza is hit by Emil Andrae and loses puck.
2:53 of 1st period - Snap shot by Oskar Olausson.
2:53 of 1st period - Shot Misses the Net.
3:05 of 1st period - Kieffer Bellows is hit by Alex Newhook and loses puck.
3:14 of 1st period - Patrick Brown is hit by Jiri Kulich and loses puck.
3:46 of 1st period - Samuel Bolduc is hit by Eduard Sale and loses puck.
6:11 of 1st period - Owen Beck is hit by Eduard Sale and loses puck.
6:24 of 1st period - Luke Tuch is hit by Curtis Lazar and loses puck.
6:52 of 1st period - Icing by Vincent Hinostroza.
6:53 of 1st period - Owen Beck wins face-off versus Cross Hanas in Reno Silver Aces zone.
7:07 of 1st period - Icing by Oskar Olausson.
7:08 of 1st period - Ryder Rolston wins face-off versus Matt Savoie in Rhode Island Whales zone.
7:19 of 1st period - Snap shot by Ryder Rolston.
7:19 of 1st period - Goal by Ryder Rolston - Reno Silver Aces : 0 - Rhode Island Whales : 1.
7:20 of 1st period - Anthony Duclair wins face-off versus Frank Nazar in neutral zone.
7:30 of 1st period - Icing by Pavel Mintyukov.
7:31 of 1st period - Owen Beck wins face-off versus Frank Nazar in Rhode Island Whales zone.
7:34 of 1st period - Wrist shot by Cole Koepke.
7:34 of 1st period - Shot Blocked by Pavel Mintyukov.
7:42 of 1st period - Wrist shot by Cole Koepke.
7:42 of 1st period - Stopped by Cameron Whitehead without a rebound.
7:43 of 1st period - Cam Lund wins face-off versus Tanner Laczynski in Rhode Island Whales zone.
7:58 of 1st period - Cam Lund is hit by Frederic Brunet and loses puck.
8:09 of 1st period - Vincent Hinostroza is hit by Alex Newhook and loses puck.
8:22 of 1st period - Wrist shot by Alex Newhook.
8:22 of 1st period - Shot Blocked by Marc-Edouard Vlasic.
8:44 of 1st period - Wrist shot by Curtis Lazar.
8:44 of 1st period - Stopped by Cameron Whitehead without a rebound.
8:45 of 1st period - Tanner Laczynski wins face-off versus Cam Lund in Rhode Island Whales zone.
8:46 of 1st period - Snap shot by Kieffer Bellows.
8:46 of 1st period - Stopped by Cameron Whitehead without a rebound.
8:47 of 1st period - Cam Lund wins face-off versus Tanner Laczynski in Rhode Island Whales zone.
8:47 of 1st period - Cam Lund is hit by Tanner Laczynski.
9:23 of 1st period - Brendan Smith is hit by Owen Pickering and loses puck.
9:44 of 1st period - Snap shot by Oskar Olausson.
9:44 of 1st period - Shot Misses the Net.
10:33 of 1st period - Wrist shot by Tanner Laczynski.
10:33 of 1st period - Stopped by Cameron Whitehead without a rebound.
10:34 of 1st period - Frank Nazar wins face-off versus Anthony Duclair in Rhode Island Whales zone.
10:39 of 1st period - Marc-Edouard Vlasic is hit by Artyom Levshunov and loses puck.
10:50 of 1st period - Wrist shot by Ryder Rolston.
10:50 of 1st period - Deflect By Frank Nazar.
10:50 of 1st period - Shot Misses the Net.
10:50 of 1st period - Puck is out of play.
10:51 of 1st period - Matt Savoie wins face-off versus Frank Nazar in Reno Silver Aces zone.
10:55 of 1st period - Off-side.
10:56 of 1st period - Frank Nazar wins face-off versus Matt Savoie in neutral zone.
11:07 of 1st period - Slapshot by Matt Savoie.
11:07 of 1st period - Shot Misses the Net.
11:31 of 1st period - Snap shot by Anthony Duclair.
11:31 of 1st period - Shot Misses the Net.
12:21 of 1st period - Matt Nieto is hit by Alex Newhook and loses puck.
12:44 of 1st period - Icing by Oskar Olausson.
12:45 of 1st period - Owen Beck wins face-off versus Cam Lund in Rhode Island Whales zone.
12:46 of 1st period - Wrist shot by Kieffer Bellows.
12:46 of 1st period - Deflect By Dylan Duke.
12:46 of 1st period - Shot Blocked by Lukas Reichel.
12:46 of 1st period - Puck is out of play.
12:47 of 1st period - Owen Beck wins face-off versus Cam Lund in Rhode Island Whales zone.
12:50 of 1st period - Wrist shot by Kieffer Bellows.
12:50 of 1st period - Stopped by Cameron Whitehead without a rebound.
12:51 of 1st period - Owen Beck wins face-off versus Cam Lund in Rhode Island Whales zone.
12:56 of 1st period - Backhand shot by Kieffer Bellows.
12:56 of 1st period - Stopped by Cameron Whitehead without a rebound.
12:57 of 1st period - Owen Beck wins face-off versus Frank Nazar in Rhode Island Whales zone.
12:58 of 1st period - Snap shot by Cole Koepke.
12:58 of 1st period - Stopped by Cameron Whitehead with a rebound.
13:10 of 1st period - Snap shot by Ryder Rolston.
13:10 of 1st period - Shot Misses the Net.
13:12 of 1st period - Backhand shot by Pavel Mintyukov.
13:12 of 1st period - Shot Misses the Net.
14:18 of 1st period - Anthony Duclair is hit by Ryan O'Rourke and loses puck.
14:25 of 1st period - Wrist shot by Lukas Reichel.
14:25 of 1st period - Deflect By Isak Rosen.
14:25 of 1st period - Stopped by Philipp Grubauer without a rebound.
14:26 of 1st period - Frank Nazar wins face-off versus Matt Savoie in Reno Silver Aces zone.
14:56 of 1st period - Wrist shot by Kieffer Bellows.
14:56 of 1st period - Shot Misses the Net.
14:58 of 1st period - Wrist shot by Tanner Laczynski.
14:58 of 1st period - Stopped by Cameron Whitehead with a rebound.
15:12 of 1st period - Vincent Hinostroza is hit by Ryan O'Rourke.
15:35 of 1st period - Snap shot by Frank Nazar.
15:35 of 1st period - Shot Blocked by Matt Nieto.
15:37 of 1st period - Wrist shot by Alex Newhook.
15:37 of 1st period - Stopped by Philipp Grubauer with a rebound.
15:39 of 1st period - Wrist shot by Alex Newhook.
15:39 of 1st period - Goal by Alex Newhook - Reno Silver Aces : 0 - Rhode Island Whales : 2.
15:40 of 1st period - Frank Nazar wins face-off versus Owen Beck in neutral zone.
15:43 of 1st period - Brendan Smith is hit by Artyom Levshunov.
15:55 of 1st period - Slapshot by Cole Koepke.
15:55 of 1st period - Shot Misses the Net.
16:05 of 1st period - Curtis Lazar is hit by Cam Lund and loses puck.
16:12 of 1st period - Slapshot by Brendan Smith.
16:12 of 1st period - Shot Blocked by Artyom Levshunov.
16:14 of 1st period - Snap shot by Curtis Lazar.
16:14 of 1st period - Shot Misses the Net.
16:48 of 1st period - Snap shot by Oskar Olausson.
16:48 of 1st period - Deflect By Samuel Honzek.
16:48 of 1st period - Shot Blocked by Samuel Bolduc.
16:48 of 1st period - Puck is out of play.
16:49 of 1st period - Matt Savoie wins face-off versus Cam Lund in Reno Silver Aces zone.
16:55 of 1st period - Off-side.
16:56 of 1st period - Matt Savoie wins face-off versus Cam Lund in neutral zone.
17:05 of 1st period - Snap shot by Matt Savoie.
17:05 of 1st period - Stopped by Cameron Whitehead with a rebound.
17:07 of 1st period - Snap shot by Matt Nieto.
17:07 of 1st period - Shot Misses the Net.
17:09 of 1st period - Slapshot by Matt Nieto.
17:09 of 1st period - Stopped by Cameron Whitehead without a rebound.
17:10 of 1st period - Frank Nazar wins face-off versus Anthony Duclair in Rhode Island Whales zone.
17:40 of 1st period - Ryder Rolston is hit by Curtis Lazar and loses puck.
18:40 of 1st period - Snap shot by Matt Savoie.
18:40 of 1st period - Stopped by Cameron Whitehead with a rebound.
19:12 of 1st period - Cole Koepke is hit by Eduard Sale and loses puck.
Goals for this period are 0 for Reno Silver Aces vs 2 for Rhode Island Whales.
Shots for this period are 12 for Reno Silver Aces vs 6 for Rhode Island Whales.
2nd period
0:01 of 2nd period - Frank Nazar wins face-off versus Owen Beck in neutral zone.
0:13 of 2nd period - Wrist shot by Ryder Rolston.
0:13 of 2nd period - Stopped by Philipp Grubauer without a rebound.
0:14 of 2nd period - Frank Nazar wins face-off versus Anthony Duclair in Reno Silver Aces zone.
0:17 of 2nd period - Snap shot by Jiri Kulich.
0:17 of 2nd period - Stopped by Philipp Grubauer without a rebound.
0:18 of 2nd period - Frank Nazar wins face-off versus Anthony Duclair in Reno Silver Aces zone.
0:33 of 2nd period - Wrist shot by Anthony Duclair.
0:33 of 2nd period - Shot Blocked by Artyom Levshunov.
0:51 of 2nd period - Slapshot by Oskar Olausson.
0:51 of 2nd period - Stopped by Philipp Grubauer with a rebound.
0:53 of 2nd period - Slapshot by Artyom Levshunov.
0:53 of 2nd period - Stopped by Philipp Grubauer with a rebound.
0:55 of 2nd period - Snap shot by Oskar Olausson.
0:55 of 2nd period - Shot Misses the Net.
0:57 of 2nd period - Wrist shot by Oskar Olausson.
0:57 of 2nd period - Shot Misses the Net.
1:09 of 2nd period - Wrist shot by Curtis Lazar.
1:09 of 2nd period - Stopped by Cameron Whitehead with a rebound.
1:18 of 2nd period - Icing by Jordan Oesterle.
1:19 of 2nd period - Tanner Laczynski wins face-off versus Frank Nazar in Reno Silver Aces zone.
1:45 of 2nd period - Snap shot by Kieffer Bellows.
1:45 of 2nd period - Stopped by Cameron Whitehead with a rebound.
1:55 of 2nd period - Snap shot by Lukas Reichel.
1:55 of 2nd period - Stopped by Philipp Grubauer with a rebound.
2:32 of 2nd period - Minor Penalty to Pavel Mintyukov for Cross-checking.
2:33 of 2nd period - Jiri Kulich wins face-off versus Anthony Duclair in Rhode Island Whales zone.
4:32 of 2nd period - Penalty to Pavel Mintyukov is over, Pavel Mintyukov is back on ice.
4:33 of 2nd period - Anthony Duclair is hit by Oskar Olausson and loses puck.
5:21 of 2nd period - Matt Savoie is hit by Emil Andrae and loses puck.
5:34 of 2nd period - Snap shot by Kieffer Bellows.
5:34 of 2nd period - Shot Hit the Post.
5:36 of 2nd period - Wrist shot by Dylan Duke.
5:36 of 2nd period - Shot Misses the Net.
5:38 of 2nd period - Slapshot by Kieffer Bellows.
5:38 of 2nd period - Stopped by Cameron Whitehead without a rebound.
5:39 of 2nd period - Dylan Duke wins face-off versus Frank Nazar in Rhode Island Whales zone.
6:21 of 2nd period - Emil Andrae is hit by Tanner Laczynski and loses puck.
6:39 of 2nd period - Off-side.
6:40 of 2nd period - Anthony Duclair wins face-off versus Cam Lund in neutral zone.
6:43 of 2nd period - Slapshot by Anthony Duclair.
6:43 of 2nd period - Shot Misses the Net.
7:04 of 2nd period - Samuel Honzek is hit by Samuel Bolduc and loses puck.
7:43 of 2nd period - Wrist shot by Alex Newhook.
7:43 of 2nd period - Shot Misses the Net.
7:58 of 2nd period - Wrist shot by Curtis Lazar.
7:58 of 2nd period - Shot Misses the Net.
8:00 of 2nd period - Snap shot by Anthony Duclair.
8:00 of 2nd period - Stopped by Cameron Whitehead with a rebound.
8:02 of 2nd period - Snap shot by Anthony Duclair.
8:02 of 2nd period - Goal by Anthony Duclair - Reno Silver Aces : 1 - Rhode Island Whales : 2.
8:03 of 2nd period - Frank Nazar wins face-off versus Anthony Duclair in neutral zone.
8:06 of 2nd period - Vincent Hinostroza is hit by Frank Nazar and loses puck.
8:13 of 2nd period - Snap shot by Ryder Rolston.
8:13 of 2nd period - Shot Misses the Net.
8:15 of 2nd period - Slapshot by Owen Pickering.
8:15 of 2nd period - Deflect By Anthony Duclair.
8:15 of 2nd period - Stopped by Philipp Grubauer with a rebound.
8:17 of 2nd period - Snap shot by Owen Pickering.
8:17 of 2nd period - Stopped by Philipp Grubauer with a rebound.
8:19 of 2nd period - Wrist shot by Eduard Sale.
8:19 of 2nd period - Shot Blocked by Marc-Edouard Vlasic.
8:44 of 2nd period - Pavel Mintyukov is hit by Samuel Bolduc and loses puck.
8:54 of 2nd period - Icing by Frank Nazar.
8:55 of 2nd period - Frank Nazar wins face-off versus Tanner Laczynski in Rhode Island Whales zone.
9:00 of 2nd period - Slapshot by Alex Newhook.
9:00 of 2nd period - Stopped by Philipp Grubauer with a rebound.
9:22 of 2nd period - Snap shot by Lukas Reichel.
9:22 of 2nd period - Shot Blocked by Anthony Duclair.
9:24 of 2nd period - Snap shot by Cam Lund.
9:24 of 2nd period - Goal by Cam Lund - Reno Silver Aces : 1 - Rhode Island Whales : 3.
9:25 of 2nd period - Frank Nazar wins face-off versus Owen Beck in neutral zone.
9:50 of 2nd period - Ryder Rolston is hit by Matt Savoie and loses puck.
9:59 of 2nd period - Wrist shot by Matt Savoie.
9:59 of 2nd period - Shot Misses the Net.
10:31 of 2nd period - Icing by Emil Andrae.
10:32 of 2nd period - Tanner Laczynski wins face-off versus Cam Lund in Rhode Island Whales zone.
10:35 of 2nd period - Snap shot by Tanner Laczynski.
10:35 of 2nd period - Shot Misses the Net.
10:37 of 2nd period - Wrist shot by Brendan Smith.
10:37 of 2nd period - Deflect By Lukas Reichel.
10:37 of 2nd period - Stopped by Cameron Whitehead without a rebound.
10:38 of 2nd period - Tanner Laczynski wins face-off versus Cam Lund in Rhode Island Whales zone.
10:50 of 2nd period - Artyom Levshunov is hit by Tanner Laczynski and loses puck.
11:08 of 2nd period - Minor Penalty to Artyom Levshunov for Delaying the game.
11:09 of 2nd period - Matt Savoie wins face-off versus Frank Nazar in Rhode Island Whales zone.
11:09 of 2nd period - Backhand shot by Curtis Lazar.
11:09 of 2nd period - Goal by Curtis Lazar - Reno Silver Aces : 2 - Rhode Island Whales : 3.
11:10 of 2nd period - Frank Nazar wins face-off versus Anthony Duclair in neutral zone.
11:14 of 2nd period - Off-side.
11:15 of 2nd period - Anthony Duclair wins face-off versus Frank Nazar in neutral zone.
11:19 of 2nd period - Off-side.
11:20 of 2nd period - Frank Nazar wins face-off versus Anthony Duclair in neutral zone.
11:32 of 2nd period - Snap shot by Cole Koepke.
11:32 of 2nd period - Stopped by Cameron Whitehead with a rebound.
11:38 of 2nd period - Artyom Levshunov is hit by Marc-Edouard Vlasic and loses puck.
12:19 of 2nd period - Snap shot by Alex Newhook.
12:19 of 2nd period - Stopped by Philipp Grubauer with a rebound.
12:37 of 2nd period - Slapshot by Alex Newhook.
12:37 of 2nd period - Shot Misses the Net.
12:39 of 2nd period - Slapshot by Jiri Kulich.
12:39 of 2nd period - Shot Blocked by Marc-Edouard Vlasic.
12:41 of 2nd period - Snap shot by Pavel Mintyukov.
12:41 of 2nd period - Stopped by Philipp Grubauer with a rebound.
12:43 of 2nd period - Slapshot by Frank Nazar.
12:43 of 2nd period - Shot Misses the Net.
12:45 of 2nd period - Snap shot by Frank Nazar.
12:45 of 2nd period - Shot Hit the Post.
12:47 of 2nd period - Backhand shot by Frank Nazar.
12:47 of 2nd period - Shot Blocked by Marc-Edouard Vlasic.
14:05 of 2nd period - Icing by Pavel Mintyukov.
14:06 of 2nd period - Matt Savoie wins face-off versus Frank Nazar in Rhode Island Whales zone.
14:07 of 2nd period - Wrist shot by Matt Nieto.
14:07 of 2nd period - Shot Misses the Net.
14:13 of 2nd period - Snap shot by Alex Newhook.
14:13 of 2nd period - Stopped by Philipp Grubauer with a rebound.
14:39 of 2nd period - Slapshot by Frank Nazar.
14:39 of 2nd period - Stopped by Philipp Grubauer without a rebound.
14:40 of 2nd period - Matt Savoie wins face-off versus Cam Lund in Reno Silver Aces zone.
14:44 of 2nd period - Off-side.
14:45 of 2nd period - Matt Savoie wins face-off versus Cam Lund in neutral zone.
16:51 of 2nd period - Charles-Alexis Legault is hit by Luke Tuch and loses puck.
17:34 of 2nd period - Emil Andrae is hit by Kieffer Bellows and loses puck.
17:42 of 2nd period - Icing by Samuel Honzek.
17:43 of 2nd period - Dylan Duke wins face-off versus Cross Hanas in Rhode Island Whales zone.
18:07 of 2nd period - Icing by Ryder Rolston.
18:08 of 2nd period - Ryder Rolston wins face-off versus Tanner Laczynski in Rhode Island Whales zone.
18:36 of 2nd period - Slapshot by Matt Savoie.
18:36 of 2nd period - Deflect By Matt Nieto.
18:36 of 2nd period - Stopped by Cameron Whitehead without a rebound.
18:37 of 2nd period - Matt Savoie wins face-off versus Ryder Rolston in Rhode Island Whales zone.
18:40 of 2nd period - Slapshot by Matt Savoie.
18:40 of 2nd period - Shot Blocked by Pavel Mintyukov.
18:42 of 2nd period - Slapshot by Brendan Smith.
18:42 of 2nd period - Shot Hit the Post.
18:44 of 2nd period - Snap shot by Matt Savoie.
18:44 of 2nd period - Shot Misses the Net.
18:46 of 2nd period - Slapshot by Brendan Smith.
18:46 of 2nd period - Stopped by Cameron Whitehead with a rebound.
18:52 of 2nd period - Snap shot by Matt Savoie.
18:52 of 2nd period - Deflect By Samuel Honzek.
18:52 of 2nd period - Shot Misses the Net.
18:52 of 2nd period - Puck is out of play.
18:53 of 2nd period - Cam Lund wins face-off versus Owen Beck in Rhode Island Whales zone.
18:58 of 2nd period - Wrist shot by Artyom Levshunov.
18:58 of 2nd period - Shot Misses the Net.
19:52 of 2nd period - Wrist shot by Oskar Olausson.
19:52 of 2nd period - Shot Blocked by Charles-Alexis Legault.
Goals for this period are 2 for Reno Silver Aces vs 1 for Rhode Island Whales.
Shots for this period are 10 for Reno Silver Aces vs 13 for Rhode Island Whales.
3rd period
0:01 of 3rd period - Frank Nazar wins face-off versus Owen Beck in neutral zone.
0:08 of 3rd period - Wrist shot by Ryder Rolston.
0:08 of 3rd period - Stopped by Philipp Grubauer without a rebound.
0:09 of 3rd period - Frank Nazar wins face-off versus Owen Beck in Reno Silver Aces zone.
0:20 of 3rd period - Eduard Sale is hit by Brendan Smith and loses puck.
0:39 of 3rd period - Wrist shot by Eduard Sale.
0:39 of 3rd period - Stopped by Philipp Grubauer with a rebound.
0:41 of 3rd period - Snap shot by Eduard Sale.
0:41 of 3rd period - Shot Misses the Net.
0:47 of 3rd period - Wrist shot by Artyom Levshunov.
0:47 of 3rd period - Stopped by Philipp Grubauer with a rebound.
0:53 of 3rd period - Slapshot by Frank Nazar.
0:53 of 3rd period - Deflect By Ryder Rolston.
0:53 of 3rd period - Shot Misses the Net.
0:53 of 3rd period - Puck is out of play.
0:54 of 3rd period - Cam Lund wins face-off versus Matt Savoie in Reno Silver Aces zone.
1:58 of 3rd period - Owen Pickering is hit by Brendan Smith and loses puck.
2:07 of 3rd period - Minor Penalty to Tanner Laczynski for Hooking.
2:08 of 3rd period - Frank Nazar wins face-off versus Vincent Hinostroza in Reno Silver Aces zone.
2:13 of 3rd period - Snap shot by Alex Newhook.
2:13 of 3rd period - Stopped by Philipp Grubauer with a rebound.
2:27 of 3rd period - Snap shot by Cole Koepke.
2:27 of 3rd period - Shot Misses the Net.
2:38 of 3rd period - Brendan Smith is hit by Alex Newhook and loses puck.
2:45 of 3rd period - Snap shot by Frank Nazar.
2:45 of 3rd period - Stopped by Philipp Grubauer with a rebound.
2:47 of 3rd period - Slapshot by Emil Andrae.
2:47 of 3rd period - Shot Blocked by Anthony Duclair.
2:51 of 3rd period - Snap shot by Alex Newhook.
2:51 of 3rd period - Shot Misses the Net.
3:07 of 3rd period - Samuel Bolduc is hit by Jiri Kulich and loses puck.
3:16 of 3rd period - Wrist shot by Frank Nazar.
3:16 of 3rd period - Stopped by Philipp Grubauer without a rebound.
3:17 of 3rd period - Cam Lund wins face-off versus Vincent Hinostroza in Reno Silver Aces zone.
3:42 of 3rd period - Artyom Levshunov is hit by Cole Koepke and loses puck.
4:07 of 3rd period - Penalty to Tanner Laczynski is over, Tanner Laczynski is back on ice.
4:24 of 3rd period - Snap shot by Anthony Duclair.
4:24 of 3rd period - Deflect By Patrick Brown.
4:24 of 3rd period - Shot Blocked by Ryan O'Rourke.
4:24 of 3rd period - Puck is out of play.
4:25 of 3rd period - Ryder Rolston wins face-off versus Tanner Laczynski in Rhode Island Whales zone.
4:25 of 3rd period - Ryder Rolston is hit by Kieffer Bellows.
5:37 of 3rd period - Wrist shot by Tanner Laczynski.
5:37 of 3rd period - Shot Blocked by Samuel Honzek.
7:26 of 3rd period - Snap shot by Samuel Honzek.
7:26 of 3rd period - Shot Misses the Net.
7:28 of 3rd period - Slapshot by Emil Andrae.
7:28 of 3rd period - Stopped by Philipp Grubauer with a rebound.
9:06 of 3rd period - Owen Pickering is hit by Patrick Brown and loses puck.
9:28 of 3rd period - Minor Penalty to Anthony Duclair for Tripping.
9:29 of 3rd period - Cam Lund wins face-off versus Vincent Hinostroza in Reno Silver Aces zone.
9:35 of 3rd period - Snap shot by Matt Savoie.
9:35 of 3rd period - Deflect By Vincent Hinostroza.
9:35 of 3rd period - Shot Misses the Net.
9:35 of 3rd period - Puck is out of play.
9:36 of 3rd period - Vincent Hinostroza wins face-off versus Cam Lund in Rhode Island Whales zone.
9:45 of 3rd period - Slapshot by Isak Rosen.
9:45 of 3rd period - Goal by Isak Rosen - Reno Silver Aces : 2 - Rhode Island Whales : 4.
9:46 of 3rd period - Frank Nazar wins face-off versus Owen Beck in neutral zone.
10:11 of 3rd period - Icing by Lukas Reichel.
10:12 of 3rd period - Matt Savoie wins face-off versus Cam Lund in Rhode Island Whales zone.
10:20 of 3rd period - Snap shot by Lukas Reichel.
10:20 of 3rd period - Shot Misses the Net.
10:22 of 3rd period - Slapshot by Cam Lund.
10:22 of 3rd period - Shot Misses the Net.
11:18 of 3rd period - Kevin Korchinski is hit by Jordan Oesterle and loses puck.
11:38 of 3rd period - Minor Penalty to Samuel Honzek for Holding.
11:39 of 3rd period - Matt Savoie wins face-off versus Jiri Kulich in Rhode Island Whales zone.
11:39 of 3rd period - Snap shot by Curtis Lazar.
11:39 of 3rd period - Shot Blocked by Artyom Levshunov.
11:41 of 3rd period - Wrist shot by Curtis Lazar.
11:41 of 3rd period - Stopped by Cameron Whitehead without a rebound.
11:42 of 3rd period - Matt Savoie wins face-off versus Jiri Kulich in Rhode Island Whales zone.
12:15 of 3rd period - Wrist shot by Anthony Duclair.
12:15 of 3rd period - Stopped by Cameron Whitehead with a rebound.
12:17 of 3rd period - Slapshot by Vincent Hinostroza.
12:17 of 3rd period - Stopped by Cameron Whitehead without a rebound.
12:18 of 3rd period - Matt Savoie wins face-off versus Jiri Kulich in Rhode Island Whales zone.
12:19 of 3rd period - Snap shot by Curtis Lazar.
12:19 of 3rd period - Stopped by Cameron Whitehead with a rebound.
12:21 of 3rd period - Slapshot by Curtis Lazar.
12:21 of 3rd period - Goal by Curtis Lazar - Reno Silver Aces : 3 - Rhode Island Whales : 4.
12:22 of 3rd period - Anthony Duclair wins face-off versus Frank Nazar in neutral zone.
12:34 of 3rd period - Off-side.
12:35 of 3rd period - Frank Nazar wins face-off versus Owen Beck in neutral zone.
12:56 of 3rd period - Minor Penalty to Brendan Smith for Hooking.
12:57 of 3rd period - Cam Lund wins face-off versus Cole Koepke in Reno Silver Aces zone.
13:00 of 3rd period - Wrist shot by Lukas Reichel.
13:00 of 3rd period - Stopped by Philipp Grubauer without a rebound.
13:01 of 3rd period - Cole Koepke wins face-off versus Cam Lund in Reno Silver Aces zone.
13:16 of 3rd period - Wrist shot by Cam Lund.
13:16 of 3rd period - Goal by Cam Lund - Reno Silver Aces : 3 - Rhode Island Whales : 5.
13:17 of 3rd period - Anthony Duclair wins face-off versus Frank Nazar in neutral zone.
13:31 of 3rd period - Minor Penalty to Frank Nazar for High sticking.
13:32 of 3rd period - Matt Savoie wins face-off versus Jiri Kulich in Rhode Island Whales zone.
13:40 of 3rd period - Snap shot by Curtis Lazar.
13:40 of 3rd period - Stopped by Cameron Whitehead without a rebound.
13:41 of 3rd period - Matt Savoie wins face-off versus Jiri Kulich in Rhode Island Whales zone.
13:57 of 3rd period - Slapshot by Jordan Oesterle.
13:57 of 3rd period - Stopped by Cameron Whitehead with a rebound.
13:59 of 3rd period - Slapshot by Jordan Oesterle.
13:59 of 3rd period - Shot Misses the Net.
14:23 of 3rd period - Minor Penalty to Brendan Smith for Holding.
14:24 of 3rd period - Luke Tuch wins face-off versus Cole Koepke in Reno Silver Aces zone.
14:33 of 3rd period - Snap shot by Alex Newhook.
14:33 of 3rd period - Shot Blocked by Anthony Duclair.
14:37 of 3rd period - Wrist shot by Alex Newhook.
14:37 of 3rd period - Shot Blocked by Marc-Edouard Vlasic.
14:39 of 3rd period - Snap shot by Alex Newhook.
14:39 of 3rd period - Goal by Alex Newhook - Reno Silver Aces : 3 - Rhode Island Whales : 6.
14:40 of 3rd period - Jiri Kulich wins face-off versus Matt Savoie in neutral zone.
14:47 of 3rd period - Slapshot by Isak Rosen.
14:47 of 3rd period - Shot Misses the Net.
14:49 of 3rd period - Snap shot by Jiri Kulich.
14:49 of 3rd period - Stopped by Philipp Grubauer without a rebound.
14:50 of 3rd period - Jiri Kulich wins face-off versus Vincent Hinostroza in Reno Silver Aces zone.
15:09 of 3rd period - Snap shot by Vincent Hinostroza.
15:09 of 3rd period - Shot Misses the Net.
15:19 of 3rd period - Snap shot by Jiri Kulich.
15:19 of 3rd period - Shot Blocked by Jordan Oesterle.
15:21 of 3rd period - Snap shot by Isak Rosen.
15:21 of 3rd period - Shot Misses the Net.
15:31 of 3rd period - Penalty to Frank Nazar is over, Frank Nazar is back on ice.
15:59 of 3rd period - Snap shot by Frank Nazar.
15:59 of 3rd period - Stopped by Philipp Grubauer with a rebound.
16:01 of 3rd period - Slapshot by Owen Pickering.
16:01 of 3rd period - Stopped by Philipp Grubauer with a rebound.
16:03 of 3rd period - Snap shot by Emil Andrae.
16:03 of 3rd period - Shot Misses the Net.
16:05 of 3rd period - Slapshot by Emil Andrae.
16:05 of 3rd period - Shot Blocked by Samuel Bolduc.
16:07 of 3rd period - Snap shot by Jiri Kulich.
16:07 of 3rd period - Shot Blocked by Samuel Bolduc.
16:09 of 3rd period - Snap shot by Isak Rosen.
16:09 of 3rd period - Shot Misses the Net.
16:11 of 3rd period - Wrist shot by Frank Nazar.
16:11 of 3rd period - Shot Misses the Net.
16:13 of 3rd period - Wrist shot by Frank Nazar.
16:13 of 3rd period - Stopped by Philipp Grubauer with a rebound.
16:15 of 3rd period - Wrist shot by Jiri Kulich.
16:15 of 3rd period - Stopped by Philipp Grubauer without a rebound.
16:16 of 3rd period - Cam Lund wins face-off versus Cole Koepke in Reno Silver Aces zone.
16:23 of 3rd period - Penalty to Brendan Smith is over, Brendan Smith is back on ice.
16:48 of 3rd period - Wrist shot by Tanner Laczynski.
16:48 of 3rd period - Stopped by Cameron Whitehead without a rebound.
16:49 of 3rd period - Patrick Brown wins face-off versus Ryder Rolston in Rhode Island Whales zone.
16:54 of 3rd period - Snap shot by Tanner Laczynski.
16:54 of 3rd period - Goal by Tanner Laczynski - Reno Silver Aces : 4 - Rhode Island Whales : 6.
16:55 of 3rd period - Owen Beck wins face-off versus Frank Nazar in neutral zone.
16:58 of 3rd period - Snap shot by Kieffer Bellows.
16:58 of 3rd period - Stopped by Cameron Whitehead with a rebound.
17:00 of 3rd period - Wrist shot by Owen Beck.
17:00 of 3rd period - Stopped by Cameron Whitehead with a rebound.
17:02 of 3rd period - Wrist shot by Kieffer Bellows.
17:02 of 3rd period - Stopped by Cameron Whitehead without a rebound.
17:03 of 3rd period - Frank Nazar wins face-off versus Owen Beck in Rhode Island Whales zone.
17:03 of 3rd period - Frank Nazar is hit by Kieffer Bellows.
18:19 of 3rd period - Snap shot by Kieffer Bellows.
18:19 of 3rd period - Shot Blocked by Emil Andrae.
18:21 of 3rd period - Snap shot by Kieffer Bellows.
18:21 of 3rd period - Goal by Kieffer Bellows - Reno Silver Aces : 5 - Rhode Island Whales : 6.
18:22 of 3rd period - Isak Rosen wins face-off versus Matt Savoie in neutral zone.
18:24 of 3rd period - Minor Penalty to Isak Rosen for Tripping.
18:25 of 3rd period - Jiri Kulich wins face-off versus Matt Savoie in Rhode Island Whales zone.
18:37 of 3rd period - Reno Silver Aces, Philipp Grubauer is pulled from the net.
18:37 of 3rd period - Slapshot by Brendan Smith.
18:37 of 3rd period - Stopped by Cameron Whitehead without a rebound.
18:38 of 3rd period - Jiri Kulich wins face-off versus Matt Savoie in Rhode Island Whales zone.
19:11 of 3rd period - Snap shot by Anthony Duclair.
19:11 of 3rd period - Goal by Anthony Duclair - Reno Silver Aces : 6 - Rhode Island Whales : 6.
19:11 of 3rd period - Philipp Grubauer from Reno Silver Aces was sent back in the game.
19:12 of 3rd period - Tanner Laczynski wins face-off versus Ryder Rolston in neutral zone.
19:38 of 3rd period - Lukas Reichel is hit by Curtis Lazar and loses puck.
Goals for this period are 4 for Reno Silver Aces vs 3 for Rhode Island Whales.
Shots for this period are 15 for Reno Silver Aces vs 16 for Rhode Island Whales.
Overtime #1
0:01 of 1st overtime period - Frank Nazar wins face-off versus Anthony Duclair in neutral zone.
1:10 of 1st overtime period - Snap shot by Anthony Duclair.
1:10 of 1st overtime period - Stopped by Cameron Whitehead without a rebound.
1:11 of 1st overtime period - Anthony Duclair wins face-off versus Frank Nazar in Rhode Island Whales zone.
1:16 of 1st overtime period - Snap shot by Anthony Duclair.
1:16 of 1st overtime period - Shot Blocked by Alex Newhook.
1:18 of 1st overtime period - Slapshot by Nicolas Deslauriers.
1:18 of 1st overtime period - Stopped by Cameron Whitehead with a rebound.
1:20 of 1st overtime period - Wrist shot by Cole Koepke.
1:20 of 1st overtime period - Deflect By Anthony Duclair.
1:20 of 1st overtime period - Shot Misses the Net.
1:20 of 1st overtime period - Puck is out of play.
1:21 of 1st overtime period - Anthony Duclair wins face-off versus Frank Nazar in Rhode Island Whales zone.
1:32 of 1st overtime period - Wrist shot by Anthony Duclair.
1:32 of 1st overtime period - Shot Blocked by Owen Pickering.
1:34 of 1st overtime period - Slapshot by Cole Koepke.
1:34 of 1st overtime period - Stopped by Cameron Whitehead with a rebound.
1:36 of 1st overtime period - Snap shot by Cole Koepke.
1:36 of 1st overtime period - Shot Hit the Post.
2:13 of 1st overtime period - Samuel Honzek is hit by Samuel Bolduc and loses puck.
2:31 of 1st overtime period - Minor Penalty to Curtis Lazar for Interference.
2:32 of 1st overtime period - Frank Nazar wins face-off versus Vincent Hinostroza in Reno Silver Aces zone.
2:39 of 1st overtime period - Snap shot by Frank Nazar.
2:39 of 1st overtime period - Stopped by Philipp Grubauer without a rebound.
2:40 of 1st overtime period - Frank Nazar wins face-off versus Vincent Hinostroza in Reno Silver Aces zone.
2:49 of 1st overtime period - Slapshot by Jiri Kulich.
2:49 of 1st overtime period - Stopped by Philipp Grubauer with a rebound.
3:23 of 1st overtime period - Wrist shot by Frank Nazar.
3:23 of 1st overtime period - Deflect By Cole Koepke.
3:23 of 1st overtime period - Goal by Frank Nazar - Reno Silver Aces : 6 - Rhode Island Whales : 7.
Goals for this period are 0 for Reno Silver Aces vs 1 for Rhode Island Whales.
Shots for this period are 3 for Reno Silver Aces vs 3 for Rhode Island Whales.
Back to the Top